Map: 10000 Feet LE

Players

InfestDylan

  • Race: Zerg Zerg
  • League: Diamond
  • Spawn Location: 5:00

MattBarry

  • Race: Zerg Zerg
  • League: Gold
  • Spawn Location: 11:00

A.I. 2 (Elite)

  • Race: Terran Terran

VOD

Have the link to the VOD?

Description

Time

  • Played on: May 4, 2026, 1:05 a.m.
  • Length: 4:40
Show
View Real Time Build Order
Export as new Build Order

InfestDylan Zerg 

Build Orders: Hatch First 

Get SALT Encoding   

  12  0:00  Drone  
  13  0:12  Overlord  
  13  0:16  Drone  
  13  0:21  Extractor  
  13  0:22  Drone  
  15  0:44  Hatchery  
  15  0:46  Drone  
  15  1:02  Spawning Pool  
  14  1:05  Drone  
  14  1:07  Extractor  
  14  1:12  Drone  
  14  1:15  Drone  
  16  1:19  Drone  
  17  1:27  Drone  
  18  1:38  Drone  
  19  1:49  Roach Warren  
  19  1:52  Queen  
  20  2:05  Zergling x2  
  21  2:08  Overlord  
  21  2:29  Roach x5  
  31  2:44  Queen  
  31  2:47  Drone  
  31  2:49  Drone  
  35  2:56  Drone  
  35  2:58  Metabolic Boost  
  35  3:03  Drone  
  36  3:13  Overlord  
  34  3:28  Roach  
  34  3:29  Overlord  
  34  3:39  Roach x2  
  34  3:40  Drone x2  
  38  3:43  Drone x2  
  38  3:47  Drone x2  
  42  3:50  Roach  
  44  3:59  Roach x2  
  46  4:03  Roach  
  46  4:05  Drone x2  
  48  4:25  Drone x4  
Show
View Real Time Build Order
Export as new Build Order

MattBarry Zerg 

Build Orders:  

Get SALT Encoding   

  12  0:00  SCV  
  13  0:13  SCV  
  14  0:18  Supply Depot  
  14  0:25  SCV  
  15  0:39  SCV  
  15  0:42  Barracks  
  16  0:51  SCV  
  17  1:04  SCV  
  18  1:16  SCV, Supply Depot  
  19  1:20  Refinery  
  19  1:28  SCV  
  19  1:29  Marine  
  21  1:40  SCV  
  21  1:47  Marine  
  22  1:51  Barracks  
  22  1:52  SCV  
  24  1:54  Refinery  
  24  2:01  Supply Depot  
  24  2:04  SCV, Marine  
  26  2:16  SCV  
  26  2:22  Marine  
  27  2:25  Factory  
  27  2:28  SCV  
  29  2:37  Marine  
  29  2:40  Marine, SCV  
  32  2:52  SCV  
  32  2:55  Marine  
  32  2:58  Marine  
  35  3:05  SCV, Barracks  
  36  3:13  Marine  
  36  3:17  SCV, Barracks Tech Lab  
  38  3:27  Supply Depot  
  37  3:29  SCV  
  37  3:31  Barracks Tech Lab  
  37  3:35  Marine  
  37  3:41  SCV  
  37  3:47  Starport, Factory Tech Lab  
  37  3:49  Marine  
  37  3:52  Marine x2  
  37  3:53  SCV  
  36  4:07  Orbital Command, Marine  
  36  4:09  Marine  
  37  4:10  Marine  
Show
View Real Time Build Order
Export as new Build Order

A.I. 2 (Elite) Terran 

Build Orders:  

Get SALT Encoding   

Tags
 
Add a new tag
Caveats
  • Supply blocks, unpowered buildings, or Contaminate may cause inaccurate times.
  • Supply counts are checked every 10 seconds.